Cogmind - Beta 11.1 @@@ ROGUE MODE // 2022.11.10 @ 17:27:18 Player: Infomantis Result: Destroyed by D-53 Grenadier with Mini Grenade Launcher Performance ------------- Evolutions (0) 0 Regions Visited (2) 400 Robots Destroyed (20) 100 Value Destroyed (365) 365 Prototype IDs (0) 0 Alien Tech Used (0) 0 Bonus (-176) -176 TOTAL SCORE: 689 Bonus ------- Friendly Fire -176 Cogmind --------- Core Integrity 0/250 Matter 246/300 Energy 129/250 System Corruption 0% Temperature Cool (81) Movement Treading (160) Location -10/Mines Parts ------- > --- POWER (1) -------- Ion Engine > --- PROPULSION (2) --- Light Treads Light Treads > --- UTILITY (2) ------ Medium Storage Unit Seismic Detector > --- WEAPON (2) ------- EM Pulse Cannon Autogun > --- INVENTORY (10) --- Light Ion Engine Light Ion Engine Aluminum Leg Wheel Compact Wheel Sensor Array Improved Terrain Scanner Seismic Detector Autogun Grenade Launcher Peak State ------------ > --- POWER ------------ Ion Engine > --- PROPULSION ------- Light Treads Light Treads > --- UTILITY ---------- Medium Storage Unit Seismic Detector > --- WEAPON ----------- EM Pulse Cannon Autogun > --- INVENTORY -------- Light Ion Engine Light Ion Engine Aluminum Leg Wheel Compact Wheel Sensor Array Improved Terrain Scanner Seismic Detector Autogun Grenade Launcher [Rating: 11] Favorites ----------- Power Ion Engine Engine Ion Engine Propulsion Light Treads Treads Light Treads Utility Seismic Detector Device Seismic Detector Storage Small Storage Unit Weapon Autogun Energy Gun Small Laser Energy Cannon EM Pulse Cannon Ballistic Gun Autogun Launcher Grenade Launcher Build | -11 -10 -10 ------- Run | Scr Mat Min Slots Evolved . | . . . Power . | . . . Propulsion . | . . . Utility . | . . . Weapon . | . . . Parts Attached 14 | 8 3 3 Power 1 | 1 . . Engine 1 | 1 . . Core . | . . . Reactor . | . . . Propulsion 2 | 2 . . Treads 2 | 2 . . Leg . | . . . Wheel . | . . . Hover . | . . . Flight . | . . . Utility 3 | 2 1 . Device 1 | 1 . . Storage 2 | 1 1 . Processor . | . . . Hackware . | . . . Protection . | . . . Artifact . | . . . Weapon 8 | 3 2 3 Energy Gun 2 | 2 . . Energy Cannon 1 | . . 1 Ballistic Gun 4 | 1 2 1 Ballistic Cannon . | . . . Launcher 1 | . . 1 Special Weapon . | . . . Impact Weapon . | . . . Slashing Weapon . | . . . Piercing Weapon . | . . . Special Melee Weapon . | . . . Unidentified Prototypes . | . . . Parts Lost . | . . . Power . | . . . Propulsion . | . . . Utility . | . . . Weapon . | . . . Highest Loss Streak . | . . . To Critical Strikes . | . . . Average Slot Usage (%) 100 | . 100 100 Engine 14 | . 14 14 Treads 28 | . 28 28 Device 14 | . 14 14 Storage 14 | . 14 14 Energy Gun 4 | . 5 . Ballistic Gun 23 | . 22 23 Naked Turns . | . . . Heaviest Build 25 | 14 22 25 Greatest Support 40 | 40 40 40 Greatest Overweight (x) . | . . . Average Overweight (x) . | . . . Largest Inventory Capacity 10 | 8 10 10 Average Capacity 8 | 7 9 10 Most Carried 10 | 8 10 10 Average Carried 7 | 5 8 9 Final Capacity 10 | 8 10 10 Final Carried 10 | 8 10 10 Class Distribution -------------------- 100% | Mutant Dominant Class ---------------- Mutant | -10/Materials Mutant | -10/Mines Resources | -11 -10 -10 ----------- Run | Scr Mat Min Matter Collected 509 | 340 169 . Remotely . | . . . Salvage Created 590 | 92 389 109 Parts 39 | 15 21 3 Haulers Intercepted . | . . . Recyclers Shooed . | . . . Parts Field Recycled . | . . . Retrieved Matter . | . . . Parts Self-Destructed . | . . . Prevented . | . . . Kills | -11 -10 -10 ------- Run | Scr Mat Min Combat Hostiles Destroyed 14 | . 9 5 Guns 9 | . 9 . Cannons 1 | . . 1 AOE 4 | . . 4 Classes Destroyed 9 | 2 5 2 Worker 2 | 2 . . Tunneler 4 | 4 . . Recycler 1 | . 1 . Operator 1 | . 1 . Watcher 1 | . 1 . Swarmer 3 | . 3 . Grunt 6 | . 6 . Demolisher 1 | . . 1 Assembled 4 | . . 4 Thug 1 | . . 1 Best Kill Streak 6 | 1 6 4 Combat Bots Only 5 | . 5 4 Max Kills in Single Turn 4 | 1 2 4 Gunslinging . | . . . Exploded 4 | . . 4 Melee . | . . . Uniques/NPCs Destroyed . | . . . Combat | -11 -10 -10 -------- Run | Scr Mat Min Damage Taken 742 | . 445 297 Core 251 | . 151 100 Absorbed by Shields . | . . . Core Remaining (%) 100 | 100 . . Volleys Fired 49 | 20 23 6 Largest 2 | 2 2 2 Hottest 86 | 60 60 86 Shots Fired 93 | 40 46 7 Gun 87 | 40 46 1 Cannon 4 | . . 4 Launcher 2 | . . 2 Special . | . . . Kinetic 58 | 20 37 1 Thermal 29 | 20 9 . Explosive 2 | . . 2 Electromagnetic 4 | . . 4 Robot Hit Streak 5 | 5 5 5 Robot Miss Streak 5 | 4 5 1 Penetration Max . | . . . Secondary Targets 4 | . 4 . Max Gunslinging Chain 1 | . 1 . Shots Hit Robots 52 | 20 26 6 Core Hits 38 | 7 18 13 Critical Kills . | . . . Critical Parts Destroyed . | . . . Critical Strikes . | . . . Melee Attacks . | . . . Impact . | . . . Slashing . | . . . Piercing . | . . . Sneak Attacks . | . . . Combat Hostiles . | . . . Follow-up Attacks . | . . . Damage Inflicted 1008 | 221 406 381 Guns 639 | 221 406 12 Cannons 83 | . . 83 Explosions 286 | . . 286 Melee . | . . . Ramming . | . . . Kinetic 474 | 110 352 12 Thermal 165 | 111 54 . Explosive 286 | . . 286 Electromagnetic 83 | . . 83 Impact . | . . . Slashing . | . . . Piercing . | . . . Highest Corruption . | . . . Average Corruption . | . . . Corruption Purged . | . . . Corruption Blocked . | . . . Overload Shots . | . . . Overflow Damage 19 | . . 19 Projectiles 4 | . . 4 Explosions 15 | . . 15 Melee . | . . . Knockbacks . | . . . Impact . | . . . Kinetic . | . . . Secondary . | . . . Self-Inflicted Damage . | . . . Shots . | . . . Rammed . | . . . Targets Rammed . | . . . Kicked . | . . . Crushed . | . . . Highest Temperature 81 | . 81 81 Average Temperature 30 | . 28 48 Received Heat Transfer 180 | . 180 . Siege Activations . | . . . Robots Corrupted . | . . . Combat Hostiles . | . . . Parts Fried 1 | . . 1 Impact Corruptions . | . . . Robots Melted . | . . . Combat Hostiles . | . . . Parts Melted . | . . . Heat Transferred 375 | 250 125 . Parts Sabotaged . | . . . Parts Stolen . | . . . Parts Stripped . | . . . Power Chain Reactions . | . . . Missiles Intercepted . | . . . Alert | -11 -10 -10 ------- Run | Scr Mat Min Peak Influence 203 | 30 203 146 Initial 78 | . 19 78 Average 76 | 12 105 90 Maximum Alert Level 1 | . 1 . Low Security (%) 95 | 100 92 100 Level 1 4 | . 7 . Level 2 . | . . . Level 3 . | . . . Level 4 . | . . . Level 5 . | . . . High Security . | . . . Max Security . | . . . Squads Dispatched 2 | . 1 1 Investigation 2 | . 1 1 Extermination . | . . . Reinforcement . | . . . Assault . | . . . Garrison . | . . . Intercept . | . . . Searches Triggered . | . . . Construction Impeded . | . . . Haulers Reinforced . | . . . Active Scanning Responses . | . . . Cargo Convoy Interrupts . | . . . Stealth | -11 -10 -10 --------- Run | Scr Mat Min Distress Signals 1 | . 1 . Communications Jammed . | . . . Distress Signals . | . . . Times Spotted 29 | . 18 11 Peak Tracking Total 19 | . 9 19 Tactical Retreats . | . . . Traps | -11 -10 -10 ------- Run | Scr Mat Min Traps Triggered 1 | . 1 . Indirectly . | . . . Trap Hack Attempts . | . . . Triggered . | . . . Disarmed . | . . . Reprogrammed . | . . . Reused . | . . . Traps Extracted . | . . . Installed . | . . . Triggered . | . . . Machines | -11 -10 -10 ---------- Run | Scr Mat Min Machines Disabled . | . . . Max in Single Turn . | . . . Machines Sabotaged . | . . . Garrisons Compromised . | . . . Overloaded Fab Kills . | . . . Hacking | -11 -10 -10 --------- Run | Scr Mat Min Machines Accessed 6 | . 5 1 Terminals 5 | . 5 . Fabricators . | . . . Repair Stations . | . . . Recycling Units . | . . . Scanalyzers . | . . . Garrison Access . | . . . Total Hacks 15 | . 14 1 Successful 10 | . 9 1 Failed 5 | . 5 . Catastrophic 1 | . 1 . Database Lockouts . | . . . Manual 8 | . 8 . Terminals 14 | . 14 . Fabricators . | . . . Repair Stations . | . . . Recycling Units . | . . . Scanalyzers . | . . . Garrison Access . | . . . Terminal Hacks 8 | . 7 1 Record 1 | . 1 . Robot Analysis 3 | . 3 . Open Door 1 | . . 1 Branch Access Points 1 | . 1 . Emergency Access Points 2 | . 2 . Fabricator Hacks . | . . . Repair Station Hacks . | . . . Recycling Unit Hacks . | . . . Scanalyzer . | . . . Garrison Access Hacks . | . . . Unauthorized Hacks 2 | . 2 . Terminals 2 | . 2 . Assimilate 1 | . 1 . Operators 1 | . 1 . Fabricators . | . . . Repair Stations . | . . . Recycling Units . | . . . Scanalyzers . | . . . Garrison Access . | . . . Data Cores Recovered . | . . . Used . | . . . Hacking Detections 4 | . 4 . Full Trace Events 2 | . 2 . Feedback Events . | . . . Feedback Blocked . | . . . Robot Schematics Acquired . | . . . Robots Built . | . . . Authchips . | . . . Time . | . . . Total Robot Build Rating . | . . . Part Schematics Acquired . | . . . Parts Built . | . . . Authchips . | . . . Time . | . . . Total Part Build Rating . | . . . Parts Repaired . | . . . Time . | . . . Parts Recycled . | . . . Recycled Matter . | . . . Retrieved Matter . | . . . Retrieved Components . | . . . Parts Scanalyzed . | . . . Part Schematics Acquired . | . . . Parts Damaged . | . . . Bothacking | -11 -10 -10 ------------ Run | Scr Mat Min Used RIF Installer . | . . . Robots Hacked . | . . . Non-combat . | . . . Combat . | . . . Robot Hacks Applied . | . . . Relay Couplers Released . | . . . Fabnet Peak Effective % . | . . . Robots Rewired . | . . . Allies Hacked . | . . . Hacks Repelled . | . . . Allies | -11 -10 -10 -------- Run | Scr Mat Min Total Allies 1 | . 1 . Largest Group 1 | . 1 . Highest-Rated Group 10 | . 10 . Highest-Rated Ally 10 | . 10 . Total Orders . | . . . Ally Attacks . | . . . Total Damage . | . . . Kills . | . . . Allies Corrupted . | . . . Allies Melted . | . . . Intel | -11 -10 -10 ------- Run | Scr Mat Min Robot Analysis Total 3 | . 3 . Derelict Logs Recovered . | . . . Drone Launches . | . . . Drone Recoveries . | . . . Exploration | -11 -10 -10 ------------- Run | Scr Mat Min Turns Passed 1122 | 321 676 125 Spaces Moved 573 | 155 364 54 Core 5 | 5 . . Treads 568 | 150 364 54 Legs . | . . . Wheels . | . . . Hover . | . . . Flight . | . . . Fastest Speed 50 | 50 160 160 Average Speed 159 | 156 160 160 Slowest Speed 160 | 160 160 160 Overloaded Moves . | . . . Propulsion Burnouts . | . . . Robots Hopped . | . . . Cave-ins Triggered . | . . . Exploration Rate (%) 29 | 10 58 21 Regions Visited 2 Branch Regions 1 Pre-discovered Areas . | . . . Known Exits Taken 1 | . 1 . Unknown Exits Taken 1 | 1 . . Scrap Searched . | . . . Spaces Dug . | . . . Terrain Destroyed 12 | . . 12 Melee . | . . . Projectile . | . . . AOE 12 | . . 12 Terrain Rammed . | . . . Walls Destroyed . | . . . Machines Disabled . | . . . Actions | -11 -10 -10 --------- Run | Scr Mat Min Total 694 | 190 419 85 Wait 41 | . 21 20 Move 571 | 154 363 54 Hop . | . . . Pick Up 12 | 7 4 1 Fast Attach 9 | 8 1 . Attach . | . . . Detach 1 | 1 . . Swap 5 | . 2 3 Drop 6 | . 5 1 Fire 49 | 20 23 6 Melee . | . . . Ram . | . . . Kick . | . . . Crush . | . . . Escape Stasis . | . . . Rewire . | . . . Trap . | . . . Miscellaneous . | . . . Route ------- -11/Scrapyard -10/Materials (discovered 3 exits: [*Mat] / *Min x2) -10/Mines History --------- Turn | Location | Event 31 | -11/Scrapyard | Discovered new exit (range 16) 322 | -11/Scrapyard | Entered Materials 323 | -10/Materials | Build established: Mutant 367 | -10/Materials | Identified exit to Mines 583 | -10/Materials | Discovered new exit (range 9) 830 | -10/Materials | Core integrity fell below 50% 998 | -10/Materials | Entered Mines 1049 | -10/Mines | Met a Derelict shopkeep closing up shop 1078 | -10/Mines | Assembled infested the area 1116 | -10/Mines | Core integrity fell below 20% 1123 | -10/Mines | Destroyed by D-53 Grenadier with Mini Grenade Launcher Last Messages --------------- 01049_ D8-6MG(g): "Sorry, the Unaware have moved into these parts and I'm closing up shop. No more sales from me!" 01051_ ALERT: Derelict activity detected in mines. Dispatching investigation squad. 01053_ D8-6MG(g): "Take whatever you can and run for it!" 01059_ Dropped Autogun. 01060_ Acquired EM Pulse Cannon. 01078_ ALERT: Infestation in the mines, dispatching Demolisher response squad. 01083_ D8-6MG(g) destroyed. 01085_ as-71655 destroyed. 01085_ Destroyed Asb. F-torch. 01085_ as-54630 destroyed. 01085_ as-47502 destroyed. 01085_ as-01690 destroyed. 01085_ as-56621 destroyed. 01086_ as-88851 destroyed. 01114_ R-06 Scavenger destroyed. 01115_ Destroyed Shock Absorption System. 01118_ Launcher Guidance Computer fried. 01118_ D-53 Grenadier destroyed. Map ----- +----------------------------------------------------+ | ?????????????????????????????????????????????????? | | ?????????????????????????????????????????????????? | | ?????????????????????????????????????????????????? | | ?????????????????????????????????????????????????? | | ?????????????????????????????????????????????????? | | ?????????????????????????????????????????????????? | | ?????????????????????????????????????????????????? | | ?????????????????????????????????????????????????? | | ?????????????????????????????????????????????????? | | ?????????????????????????????????????????????????? | | ?????????????????????????????????????????????????? | | ?????????????????????????????????????????????????? | | ?????????????????????????????????????????????????? | | ?????????????????????????????????????????????????? | | ?????????????????????????????????????????????????? | | ??????????????????????????????????##?????????????? | | ???????????????#####????????????? ##????????????? | | #??????????????# ????????????? ##???????????? | | ##?????????????# #???????????## # ??????????? | | #?????????????# #??????????# ??????????? | | #???????????### #???####### ??????????? | | #??????????## #??## ?????????? | | ############ #### % %] ?????????? | | d % #??????????? | | #??????????????? | | ############ @ #????????????????? | | ##??????#"*### #????????????????? | | ????????#" [!#X ## #???????????????? | | ????????#"! t #### ##???????????????? | | ????????#"! #??## ## ##????????????????? | | ????????#"! !# #??#######??#?????????????????? | | ????????#"]### #???????????????????????????? | | ????????####?### #??????????????????????????? | | ???????????????### #??????????????????????????? | | ??????????????????# ##??????????????????????????? | | ???????????????????###???????????????????????????? | | ?????????????????????????????????????????????????? | | ?????????????????????????????????????????????????? | | | | | | | | | | | | | | | | | | | | | | | | | +----------------------------------------------------+ Best States ------------- Heat Dissipation 25 Energy Generation 10 Energy Capacity 250 Matter Stores 300 Matter Capacity 300 Sight Range 16 Terrain Scan Density 10 Evasion (%) 40 Recoil Reduction 2 Item Schematics ----------------- None Robot Schematics ------------------ None Fabricated ------------ Nothing Alien Tech Used ----------------- None Achievements -------------- None Challenges ------------ Unstable Evolution Game ------ Seed MachineDynamicTrap Manual? 0 Play Time 00:07:45 Cumulative 248.8 hours Start 2022.11.10 @ 17:20:58 End 2022.11.10 @ 17:27:18 Sessions 1 Manual Loads 0 Difficulty Rogue Special Mode None Game No. 175 Rogue 152 Adventurer 6 Explorer 17 Win Type - Total 18 Types 11/0/3/1/0/1/1/1/0 Lore% 93 Gallery% 92 Achievement% 72 Wizard Run 0 Options --------- ASCII 0 Keyboard 0 Movement Numpad Keybinds 0 Fullscreen 1 Font 12/Fuzzy Map View 83x54 Tactical HUD 1 Map Filters NONE Filters NONE Steam 1 RUN: 8d004467-060f-4243-b26e-498137fc7ec5